cohdb
Replays
Latest Replays
All Replays
Popular Replays
Top Player Replays
Match Explorer
How It Works
Community
CoH3 Stats
Reddit
Sign in to upload your games and track your stats! →
Sign in with Steam
Match 41793474
Unlisted
Match 41793474
Overview
Messages
Build Orders
End
Pioneer Squad
Construct Infanterie Kompanie
Selects Breakthrough Battlegroup
Selects Assault Grenadiers
Grenadier Squad
MG 42 Machine Gun Team
Grenadier Squad
MG 42 Machine Gun Team
Medical Bunker
Construct Luftwaffe Kompanie
221 Scout Car
Jäger Squad
Support Elements
Selects Smoke Bombing Run
Selects Incendiary Bombing Run
Rankstar
Genki
0
0
Comments
sign in to comment!
No comments posted yet!